TOP OF THE 1ST |
Illinois Fighting Illini batting - Pitching for Arizona State Sun Devils : RHP Tom Davis
|
Pitching: RHP Tom Davis
|
|
Batting: LHB Dave Cannon
|
0-0: Ball 1-0: Called Strike 1-1: Called Strike 1-2: SINGLE (Groundball, 56D)
|
Batting: LHB José Rodríguez
|
0-0: Foul Ball, location: 2F 0-1: Ball 1-1: Ball 2-1: Swinging Strike Pickoff Throw by Catcher to First - Error! E2 Dave Cannon to second 2-2: Ball 3-2: Foul Ball, location: 2F 3-2: Foul Ball, location: 2F 3-2: Strikes out swinging
|
Batting: RHB Harold Allen
|
0-0: Ball 1-0: Called Strike Throwing error on steal attempt, E2 Dave Cannon scores 1-1: Foul Ball, location: 2F 1-2: Strikes out swinging
|
Batting: RHB Jim Bell
|
0-0: Ball 1-0: DOUBLE (Line Drive, 78M)
|
Batting: RHB Weldon Lott
|
0-0: Ball 1-0: Ball 2-0: Called Strike 2-1: Called Strike 2-2: Foul Ball, location: 2F 2-2: Strikes out swinging
|
Top of the 1st over - 1 run, 2 hits, 2 errors, 1 left on base; Illinois 1 - Arizona State 0 |
BOTTOM OF THE 1ST |
Arizona State Sun Devils batting - Pitching for Illinois Fighting Illini : RHP Robby Harris
|
Pitching: RHP Robby Harris
|
|
Batting: LHB José Serrano
|
0-0: Ball 1-0: Ball 2-0: Ball 3-0: Called Strike 3-1: Base on Balls
|
Batting: RHB Gil Gardner
|
0-0: Called Strike 0-1: Ball 1-1: Called Strike 1-2: Foul Ball, location: 2F 1-2: Ball 2-2: Grounds into double play, 6-4-3 (Groundball, 6)
|
Batting: RHB Cristo Avalos
|
0-0: Swinging Strike 0-1: Fly out, F9 (Line Drive, 9)
|
Bottom of the 1st over - 0 runs, 0 hits, 0 errors, 0 left on base; Illinois 1 - Arizona State 0 |
TOP OF THE 2ND |
Illinois Fighting Illini batting - Pitching for Arizona State Sun Devils : RHP Tom Davis
|
Batting: RHB Nacho Enríquez
|
0-0: Ball 1-0: Called Strike 1-1: SINGLE (Groundball, 56D)
|
Batting: SHB Stanley Ryan
|
0-0: Ball 1-0: Foul Ball, location: 2F 1-1: Ball 2-1: Called Strike 2-2: DOUBLE (Line Drive, 9LD) Nacho Enríquez to third Runner from 3rd tries for Home, SAFE, throw made at trailing runner, OUT at third!
|
Batting: RHB Forrest Donovan
|
0-0: Ball 1-0: Fly out, F3 (Flyball, 34D)
|
Batting: LHB Steve Roberts
|
0-0: Ball 1-0: Ball 2-0: Ball 3-0: Called Strike 3-1: Swinging Strike 3-2: Strikes out looking
|
Top of the 2nd over - 1 run, 2 hits, 0 errors, 0 left on base; Illinois 2 - Arizona State 0 |
BOTTOM OF THE 2ND |
Arizona State Sun Devils batting - Pitching for Illinois Fighting Illini : RHP Robby Harris
|
Batting: RHB Arturo Ruíz
|
0-0: Ball 1-0: Called Strike 1-1: Swinging Strike 1-2: Foul Ball, location: 2F 1-2: Ground out 1-3 (Groundball, 15S)
|
Batting: LHB Lou Townsend
|
0-0: Fly out, F1 (Popup, 13)
|
Batting: RHB Dan Utermarck
|
0-0: Ball 1-0: Ball 2-0: Ball 3-0: Base on Balls
|
Batting: LHB Leonardo Ríos
|
0-0: Ball 1-0: Swinging Strike 1-1: Ball Passed Ball! Dan Utermarck to second 2-1: Fly out, F9 (Flyball, 9LM)
|
Bottom of the 2nd over - 0 runs, 0 hits, 0 errors, 1 left on base; Illinois 2 - Arizona State 0 |
TOP OF THE 3RD |
Illinois Fighting Illini batting - Pitching for Arizona State Sun Devils : RHP Tom Davis
|
Batting: LHB Dave Cannon
|
0-0: Ball 1-0: Ball 2-0: Foul Ball, location: 2F 2-1: SINGLE (Line Drive, 6D)
|
Batting: LHB José Rodríguez
|
Pickoff Throw to First - Error! E1 Dave Cannon to second 0-0: Foul Ball, location: 2F 0-1: Ball 1-1: Called Strike Dave Cannon steals 3rd base 1-2: Strikes out swinging
|
Batting: RHB Harold Allen
|
0-0: Foul Ball, location: 2F 0-1: Ground out 5-3 (Groundball, 56S) Dave Cannon scores
|
Batting: RHB Jim Bell
|
0-0: Ball 1-0: Ball 2-0: Ball 3-0: Called Strike 3-1: SINGLE (Line Drive, 6D)
|
Batting: RHB Weldon Lott
|
0-0: Ball 1-0: Called Strike 1-1: Called Strike 1-2: SINGLE (Flyball, 5D) Jim Bell to second
|
Batting: RHB Nacho Enríquez
|
0-0: Called Strike 0-1: Ball 1-1: Called Strike 1-2: Foul Ball, location: 2F 1-2: Ball 2-2: Ball 3-2: Fly out, F8 (Flyball, 8LS)
|
Top of the 3rd over - 1 run, 3 hits, 1 error, 2 left on base; Illinois 3 - Arizona State 0 |
BOTTOM OF THE 3RD |
Arizona State Sun Devils batting - Pitching for Illinois Fighting Illini : RHP Robby Harris
|
Batting: LHB Christian Lindsey
|
0-0: Called Strike 0-1: Fly out, F9 (Flyball, 89M)
|
Batting: RHB Michael Irvin
|
0-0: SINGLE (Line Drive, 4M)
|
Batting: LHB José Serrano
|
0-0: Ball 1-0: Foul Ball, location: 2F 1-1: Ball 2-1: Ball 3-1: SINGLE (Groundball, 4MD) Michael Irvin to second Runner from 2nd tries for 3rd, SAFE, throw made at trailing runner, OUT!
|
Batting: RHB Gil Gardner
|
0-0: Ball 1-0: Ground out 4-3 (Groundball, 4M)
|
Bottom of the 3rd over - 0 runs, 2 hits, 0 errors, 1 left on base; Illinois 3 - Arizona State 0 |
TOP OF THE 4TH |
Illinois Fighting Illini batting - Pitching for Arizona State Sun Devils : RHP Tom Davis
|
Batting: SHB Stanley Ryan
|
0-0: Ground out 5-3 (Groundball, 56S)
|
Batting: RHB Forrest Donovan
|
0-0: Called Strike 0-1: Called Strike 0-2: Ball 1-2: Ball 2-2: Strikes out looking
|
Batting: LHB Steve Roberts
|
0-0: Called Strike 0-1: Foul Ball, location: 2F 0-2: Foul Ball, location: 2F 0-2: Foul Ball, location: 2F 0-2: Ground out 4-3 (Groundball, 4)
|
Top of the 4th over - 0 runs, 0 hits, 0 errors, 0 left on base; Illinois 3 - Arizona State 0 |
BOTTOM OF THE 4TH |
Arizona State Sun Devils batting - Pitching for Illinois Fighting Illini : RHP Robby Harris
|
Batting: RHB Cristo Avalos
|
0-0: Ball 1-0: Called Strike 1-1: Ball 2-1: Foul Ball, location: 2F 2-2: Ball 3-2: Foul Ball, location: 2F 3-2: SINGLE (Line Drive, 9S)
|
Batting: RHB Arturo Ruíz
|
0-0: Ball Passed Ball! Cristo Avalos to second 1-0: Called Strike 1-1: Swinging Strike 1-2: Ball 2-2: Strikes out swinging
|
Batting: LHB Lou Townsend
|
0-0: Fly out, F9 (Flyball, 89M)
|
Batting: RHB Dan Utermarck
|
0-0: Ground out 5-3 (Groundball, 5)
|
Bottom of the 4th over - 0 runs, 1 hit, 0 errors, 1 left on base; Illinois 3 - Arizona State 0 |
TOP OF THE 5TH |
Illinois Fighting Illini batting - Pitching for Arizona State Sun Devils : RHP Tom Davis
|
Batting: LHB Dave Cannon
|
0-0: Called Strike 0-1: Ball 1-1: Swinging Strike 1-2: Ball 2-2: Foul Ball, location: 2F 2-2: Fly out, F7 (Flyball, 7LM)
|
Pitching: RHP Matt Warren
|
|
Batting: LHB José Rodríguez
|
0-0: Ball 1-0: Ball 2-0: Called Strike 2-1: Foul Ball, location: 2F 2-2: Ball 3-2: Foul Ball, location: 2F 3-2: Ground out 4-3 (Groundball, 4)
|
Batting: RHB Harold Allen
|
0-0: Ball 1-0: SINGLE (Flyball, 7LS)
|
Batting: RHB Jim Bell
|
0-0: Ball 1-0: Fly out, F8 (Flyball, 8RD)
|
Top of the 5th over - 0 runs, 1 hit, 0 errors, 1 left on base; Illinois 3 - Arizona State 0 |
BOTTOM OF THE 5TH |
Arizona State Sun Devils batting - Pitching for Illinois Fighting Illini : RHP Robby Harris
|
Batting: LHB Leonardo Ríos
|
0-0: Fly out, F5 (Popup, 5SF)
|
Batting: LHB Christian Lindsey
|
0-0: Ball 1-0: Fly out, F5 (Popup, 5SF)
|
Batting: RHB Michael Irvin
|
0-0: Called Strike 0-1: Ball 1-1: Ball 2-1: Ball 3-1: Base on Balls
|
Batting: LHB José Serrano
|
0-0: Ball 1-0: Ball 2-0: Ball Michael Irvin steals 2nd base 3-0: Called Strike 3-1: SINGLE (Line Drive, 3D) Michael Irvin to third Runner from 3rd tries for Home, SAFE, no throw
|
Batting: RHB Gil Gardner
|
0-0: Ball 1-0: Called Strike 1-1: Fly out, F9 (Line Drive, 9)
|
Bottom of the 5th over - 1 run, 1 hit, 0 errors, 1 left on base; Illinois 3 - Arizona State 1 |
TOP OF THE 6TH |
Illinois Fighting Illini batting - Pitching for Arizona State Sun Devils : RHP Matt Warren
|
Batting: RHB Weldon Lott
|
0-0: Ball 1-0: Called Strike 1-1: Foul Ball, location: 2F 1-2: Ball 2-2: Strikes out swinging
|
Batting: RHB Nacho Enríquez
|
0-0: Ball 1-0: Called Strike 1-1: Called Strike 1-2: Foul Ball, location: 2F 1-2: Ball 2-2: Ball 3-2: Base on Balls
|
Batting: SHB Stanley Ryan
|
0-0: Called Strike Nacho Enríquez is caught stealing 2nd base 0-1: Foul Ball, location: 2F 0-2: Foul Ball, location: 2F 0-2: Strikes out swinging
|
Top of the 6th over - 0 runs, 0 hits, 0 errors, 0 left on base; Illinois 3 - Arizona State 1 |
BOTTOM OF THE 6TH |
Arizona State Sun Devils batting - Pitching for Illinois Fighting Illini : RHP Robby Harris
|
Batting: RHB Cristo Avalos
|
0-0: Ball 1-0: Ball 2-0: Called Strike 2-1: Foul Ball, location: 2F 2-2: Ball 3-2: Ground out 6-3 (Groundball, 6M)
|
Batting: RHB Arturo Ruíz
|
0-0: Fly out, F4 (Line Drive, 4M)
|
Batting: LHB Lou Townsend
|
0-0: Ball 1-0: Ball 2-0: Called Strike 2-1: Ball 3-1: Foul Ball, location: 2F 3-2: Foul Ball, location: 2F 3-2: Base on Balls
|
Pitching: RHP James Rivers
|
|
Batting: RHB Dan Utermarck
|
0-0: Ball 1-0: 2-RUN HOME RUN (Flyball, 7D), Distance : 345 ft
|
Batting: LHB Leonardo Ríos
|
0-0: Called Strike 0-1: Ball 1-1: Ball 2-1: Ball 3-1: Base on Balls
|
Batting: LHB Christian Lindsey
|
0-0: Fly out, F7 (Flyball, 7LS)
|
Bottom of the 6th over - 2 runs, 1 hit, 0 errors, 1 left on base; Illinois 3 - Arizona State 3 |
TOP OF THE 7TH |
Illinois Fighting Illini batting - Pitching for Arizona State Sun Devils : RHP Matt Warren
|
Batting: RHB Forrest Donovan
|
0-0: Ball 1-0: Swinging Strike 1-1: Ball 2-1: Called Strike 2-2: Foul Ball, location: 2F 2-2: Ball 3-2: Base on Balls
|
Pitching: LHP Fernando Velázquez
|
|
Pinch Hitting: RHB Mike Taylor
|
0-0: Ball Wild Pitch! Forrest Donovan to second 1-0: Intentional Walk
|
Batting: LHB Dave Cannon
|
0-0: Ball 1-0: Sac Bunt - play at first, batter OUT! 5-4 Forrest Donovan to third Mike Taylor to second
|
Batting: LHB José Rodríguez
|
0-0: Swinging Strike 0-1: SINGLE (Line Drive, 6D) Forrest Donovan scores Mike Taylor to third
|
Pitching: RHP Eric McCray
|
|
Batting: RHB Harold Allen
|
0-0: Ball 1-0: Ball 2-0: Ball 3-0: Called Strike 3-1: Called Strike 3-2: Fly out, F8 (Flyball, 8LM) Runner from 3rd tags up, SCORES, throw made
|
Batting: RHB Jim Bell
|
0-0: Called Strike José Rodríguez steals 2nd base 0-1: SINGLE (Line Drive, 78S) José Rodríguez to third Runner from 3rd tries for Home, SAFE, no throw
|
Batting: RHB Weldon Lott
|
0-0: Ball Jim Bell is caught stealing 2nd base
|
Top of the 7th over - 3 runs, 2 hits, 0 errors, 0 left on base; Illinois 6 - Arizona State 3 |
BOTTOM OF THE 7TH |
Arizona State Sun Devils batting - Pitching for Illinois Fighting Illini : RHP James Rivers
|
Now in LF: Dave Meeks
|
|
Batting: RHB Michael Irvin
|
0-0: Foul Ball, location: 2F 0-1: Ball 1-1: Ball 2-1: Ball 3-1: Base on Balls
|
Batting: LHB José Serrano
|
0-0: Ball 1-0: Foul Ball, location: 2F 1-1: Ball 2-1: Foul Ball, location: 2F 2-2: Strikes out swinging
|
Batting: RHB Gil Gardner
|
0-0: Ball 1-0: Swinging Strike 1-1: Ball 2-1: Ball 3-1: Swinging Strike 3-2: Strikes out swinging
|
Batting: RHB Cristo Avalos
|
0-0: Ball Michael Irvin steals 2nd base 1-0: Foul Ball, location: 2F 1-1: Swinging Strike 1-2: Ball 2-2: Ball 3-2: Foul Ball, location: 2F 3-2: SINGLE (Groundball, 56D) Michael Irvin to third Michael Irvin scores
|
Batting: RHB Arturo Ruíz
|
0-0: Called Strike 0-1: Ball 1-1: Foul Ball, location: 2F 1-2: Foul Ball, location: 2F 1-2: Ball 2-2: SINGLE (Line Drive, 7LS) Cristo Avalos to second
|
Pitching: RHP Jack Cook
|
|
Batting: LHB Lou Townsend
|
0-0: Ball 1-0: Swinging Strike 1-1: Called Strike 1-2: Foul Ball, location: 2F 1-2: Ball 2-2: Ball 3-2: SINGLE (Line Drive, 6MD) Cristo Avalos to third Arturo Ruíz to second Cristo Avalos scores Arturo Ruíz to third
|
Batting: RHB Dan Utermarck
|
0-0: Ball 1-0: Fly out, F4 (Popup, 4)
|
Bottom of the 7th over - 2 runs, 3 hits, 0 errors, 2 left on base; Illinois 6 - Arizona State 5 |
TOP OF THE 8TH |
Illinois Fighting Illini batting - Pitching for Arizona State Sun Devils : RHP Eric McCray
|
Batting: RHB Weldon Lott
|
0-0: Swinging Strike 0-1: Swinging Strike 0-2: Ball 1-2: Strikes out swinging
|
Batting: RHB Nacho Enríquez
|
0-0: Ball 1-0: Foul Ball, location: 2F 1-1: DOUBLE (Line Drive, 9LS)
|
Batting: SHB Stanley Ryan
|
0-0: Intentional Walk
|
Batting: RHB Forrest Donovan
|
0-0: Ball 1-0: Called Strike 1-1: Reached on error, E5 (Groundball, 56) Nacho Enríquez to third Stanley Ryan to second
|
Pinch Hitting: RHB Pedro Ayala
|
0-0: Called Strike 0-1: Ball 1-1: Ball 2-1: Ball 3-1: Base on Balls Nacho Enríquez scores Stanley Ryan to third Forrest Donovan to second
|
Batting: LHB Dave Cannon
|
0-0: Ball 1-0: Swinging Strike 1-1: Ball 2-1: Ball 3-1: Called Strike 3-2: Base on Balls Stanley Ryan scores Forrest Donovan to third Pedro Ayala to second
|
Pitching: RHP Cory Moore
|
|
Batting: LHB José Rodríguez
|
0-0: Called Strike 0-1: Ball 1-1: Ball 2-1: Ball 3-1: Foul Ball, location: 2F 3-2: Strikes out swinging
|
Batting: RHB Harold Allen
|
0-0: Ball 1-0: Called Strike 1-1: Called Strike 1-2: Foul Ball, location: 2F 1-2: Ball 2-2: Strikes out swinging
|
Top of the 8th over - 2 runs, 1 hit, 1 error, 3 left on base; Illinois 8 - Arizona State 5 |
BOTTOM OF THE 8TH |
Arizona State Sun Devils batting - Pitching for Illinois Fighting Illini : RHP Jack Cook
|
Now in LF: Peter Taylor
|
|
Batting: LHB Leonardo Ríos
|
0-0: Foul Ball, location: 2F 0-1: Swinging Strike 0-2: Ball 1-2: Ball 2-2: Strikes out swinging
|
Batting: LHB Christian Lindsey
|
0-0: Ground out 3-1 (Groundball, 34S)
|
Batting: RHB Michael Irvin
|
0-0: Called Strike 0-1: Reached on error, E5 (Groundball, 56S)
|
Batting: LHB José Serrano
|
0-0: Swinging Strike 0-1: Ball 1-1: Foul Ball, location: 2F 1-2: Ball 2-2: Foul Ball, location: 2F 2-2: Strikes out swinging
|
Bottom of the 8th over - 0 runs, 0 hits, 1 error, 1 left on base; Illinois 8 - Arizona State 5 |
TOP OF THE 9TH |
Illinois Fighting Illini batting - Pitching for Arizona State Sun Devils : RHP Cory Moore
|
Batting: RHB Jim Bell
|
0-0: SOLO HOME RUN (Flyball, 7LD), Distance : 314 ft
|
Batting: RHB Weldon Lott
|
0-0: Foul Ball, location: 2F 0-1: Foul Ball, location: 2F 0-2: Ball 1-2: Ball 2-2: Ball 3-2: Foul Ball, location: 2F 3-2: Fly out, F7 (Flyball, 7)
|
Batting: RHB Nacho Enríquez
|
0-0: Ball 1-0: Swinging Strike 1-1: Foul Ball, location: 2F 1-2: Foul Ball, location: 2F 1-2: Strikes out swinging
|
Batting: SHB Stanley Ryan
|
0-0: Ball 1-0: Ball 2-0: Ball 3-0: Base on Balls
|
Batting: RHB Forrest Donovan
|
0-0: Ball 1-0: DOUBLE (Flyball, 9LD) Stanley Ryan to third
|
Batting: LHB Peter Taylor
|
0-0: SINGLE (Line Drive, 56D) Stanley Ryan scores Forrest Donovan to third Runner from 3rd tries for Home, SAFE, throw made home Peter Taylor to second
|
Batting: LHB Dave Cannon
|
0-0: Ball 1-0: Ball 2-0: Ball 3-0: Base on Balls
|
Batting: LHB José Rodríguez
|
0-0: Ball 1-0: Foul Ball, location: 2F 1-1: Swinging Strike 1-2: Strikes out swinging
|
Top of the 9th over - 3 runs, 3 hits, 0 errors, 2 left on base; Illinois 11 - Arizona State 5 |
BOTTOM OF THE 9TH |
Arizona State Sun Devils batting - Pitching for Illinois Fighting Illini : RHP Jack Cook
|
Batting: RHB Gil Gardner
|
0-0: Swinging Strike 0-1: Ball 1-1: Called Strike 1-2: Strikes out swinging
|
Batting: RHB Cristo Avalos
|
0-0: Ball 1-0: SINGLE (Line Drive, 8LS)
|
Batting: RHB Arturo Ruíz
|
0-0: Ball 1-0: Called Strike 1-1: Ball 2-1: Ball 3-1: Called Strike 3-2: Fly out, F7 (Flyball, 7LM)
|
Batting: LHB Lou Townsend
|
0-0: Ball 1-0: Called Strike 1-1: Ball 2-1: Ball 3-1: Called Strike 3-2: SINGLE (Line Drive, 8RS) Cristo Avalos to second Cristo Avalos to third
|
Batting: RHB Dan Utermarck
|
0-0: Ball 1-0: Ball 2-0: Swinging Strike 2-1: Swinging Strike 2-2: Ball 3-2: Base on Balls Lou Townsend to second
|
Batting: LHB Leonardo Ríos
|
0-0: Called Strike 0-1: Called Strike 0-2: Strikes out swinging
|
Bottom of the 9th over - 0 runs, 2 hits, 0 errors, 3 left on base; Illinois 11 - Arizona State 5 |
|